 Dungeon Crawl Stone Soup version 0.27.0-1-g7a089689b8 (webtiles) character file.

Game seed: 10477182733835439952

4935 pkoi the Carver (level 10, 0/90 HPs)
             Began as a Minotaur Gladiator on Aug 3, 2021.
             Was an Elder of Trog.
             Slain by an unseen horror (9 damage)
             ... on level 7 of the Dungeon.
             The game lasted 00:10:07 (8295 turns).

pkoi the Carver (Minotaur Gladiator)                Turns: 8295, Time: 00:10:08

Health: 0/90       AC: 15    Str: 22    XL:     10   Next: 27%
Magic:  9/9        EV: 11    Int:  5    God:    Trog [****..]
Gold:   257        SH:  5    Dex: 12    Spells: 9/9 levels left

rFire    + . .     SeeInvis .   a - +0 long sword
rCold    . . .     Faith    .   (no shield)
rNeg     . . .     Spirit   .   o - +0 chain mail
rPois    .         Reflect  +   x - +2 hat {Stlth+}
rElec    .         Harm     .   h - +1 cloak
rCorr    .         Rampage  .   (no gloves)
Will     .....                  (no boots)
Stlth    ..........             c - amulet of reflection
HPRegen  0.25/turn              q - ring of protection from fire
MPRegen  0.11/turn              (no ring)

@: on berserk cooldown, slowed, very slow
A: horns 2, retaliatory headbutt
a: Renounce Religion, Berserk, Trog's Hand, Brothers in Arms


You were on level 7 of the Dungeon.
You worshipped Trog.
Trog was greatly pleased with you.
You visited 2 branches of the dungeon, and saw 8 of its levels.
You also visited: Sewer.

You collected 353 gold pieces.
You spent 96 gold pieces at shops.

Inventory:

Hand Weapons
 a - a +0 long sword (weapon)
 b - a +0 shortbow
Missiles
 d - 3 throwing nets (quivered)
 w - 120 arrows
Armour
 h - a +1 cloak (worn)
 o - a +0 chain mail (worn)
 x - a +2 hat of stealth (worn)
Jewellery
 c - an amulet of reflection (around neck)
 e - a ring of protection from fire
 q - a ring of protection from fire (left hand)
Wands
 k - a wand of polymorph (10)
Scrolls
 p - 2 scrolls of teleportation
 u - 3 scrolls of identify
 v - a scroll of magic mapping
Potions
 f - 2 potions of flight
 g - a potion of haste
 i - a potion of heal wounds
 j - 2 potions of curing
 l - 2 potions of might
 s - a potion of berserk rage


   Skills:
 + Level 8.5 Fighting
 + Level 10.0 Long Blades
 + Level 4.3 Bows
 - Level 2.0 Throwing
 + Level 8.0 Armour
 + Level 8.1 Dodging
 - Level 3.2 Stealth


You had 9 spell levels left.
You didn't know any spells.
Your spell library was empty.

Dungeon Overview and Level Annotations

Branches:
Dungeon (7/15)             Temple (1/1) D:5           Sewer (visited)

Altars:
Ashenzari
Dithmenos
Elyvilon
Fedhas
Gozag
Hepliaklqana
Makhleb
Nemelex Xobeh
Okawaru
Qazlal
Ru
Sif Muna
Trog
Uskayaw
Wu Jian
Xom
Yredelemnul
The Shining One

Shops:
D:5 =:   D:7 !


Innate Abilities, Weirdness & Mutations

You have a pair of horns on your head.
You reflexively headbutt those who attack you in melee.


Message History

The boulder beetle curls into a ball and begins rolling!
The boulder beetle hits you!!!
Ouch! That really hurt!
* * * LOW HITPOINT WARNING * * *
The boulder beetle stops rolling and uncurls.
The scorpion barely misses you.
You riposte.
You slash the scorpion!
The scorpion is severely wounded.
The scorpion misses you. You furiously retaliate!
You headbutt the scorpion, but do no damage.
The boulder beetle leaps!
You closely miss the scorpion.
The scorpion is severely wounded.
The scorpion stings you.
* * * LOW HITPOINT WARNING * * *
The scorpion barely misses you.
You riposte.
You hit the scorpion.
The scorpion is almost dead.
You hit the scorpion.
The scorpion is almost dead.
The scorpion stings you.
* * * LOW HITPOINT WARNING * * *
You are lethally poisoned!
The scorpion poisons you! The scorpion stings you.
* * * LOW HITPOINT WARNING * * *
You feel better.
The boulder beetle leaps!
The scorpion misses you.
You riposte.
You closely miss the scorpion.
The scorpion is almost dead.
As you read the scroll of teleportation, it crumbles to dust.
You feel strangely unstable.
The scorpion stings you but does no damage.
You block the scorpion's attack.
Your surroundings suddenly seem different.
A centaur comes into view.
The centaur shouts!
You hear an angry hiss.
Something hits you.
* * * LOW HITPOINT WARNING * * *
Deactivating autopickup; reactivate with Ctrl-A.
You barely miss something. Something hits you but does no damage.
The centaur wields a +0 shortbow.
The centaur shoots an arrow.
The arrow misses you.
The centaur shoots an arrow.
Something hits you!
You die...

## ... # ... .###. ..
......###.# #......c.@..#
#.......##### #.......#
#.......# #)......# ..#.###
###.......# ..##...
..........# #..#.###
###.......##########...##...
....####>..............###.#


You could see a centaur.

Vanquished Creatures
  A boulder beetle (D:7)
  Pikel (D:5)
  A troll (D:7)
  A hornet (D:7)
  A wraith (D:7)
  A wyvern (D:7)
  A yak (D:7)
  A steam dragon (D:6)
  2 water moccasins (D:7)
  4 black bears
  An ice beast (D:6)
  A sky beast (D:5)
  2 necrophages
  3 ogres
  2 centaurs (D:6)
  A phantom (D:5)
  Blork the orc (D:5)
  A kobold brigand (Sewer)
  4 bullfrogs
  2 scorpions
  A wyvern zombie (D:5)
  A jelly (D:7)
  A bullfrog zombie (D:5)
  3 hounds
  3 centaur zombies
  2 bullfrog skeletons
  A centaur skeleton (D:7)
  3 gnoll shamans
  3 orc wizards
  2 hound skeletons (D:4)
  5 gnolls (D:6)
  A howler monkey skeleton (D:7)
  4 adders
  3 river rats
  2 white imps (D:6)
  An ufetubus (D:5)
  4 worms
  2 dart slugs
  19 orcs
  7 bats
  3 endoplasms
  3 giant cockroaches
  8 goblins
  4 hobgoblins
  17 jackals
  13 kobolds
  3 quokkas
  7 ball pythons
  5 frilled lizards
  7 rats
170 creatures vanquished.

Vanquished Creatures (others)
  14 plants (D:3)
14 creatures vanquished.

Grand Total: 184 creatures vanquished

Notes
Turn   | Place    | Note
-------+----------+-------------------------------------------
     0 | D:1      | pkoi the Minotaur Gladiator began the quest for the Orb.
     0 | D:1      | Reached XP level 1. HP: 18/18 MP: 0/0
    47 | D:1      | Reached skill level 4 in Long Blades
   243 | D:1      | Reached XP level 2. HP: 25/25 MP: 1/1
   722 | D:2      | Found a faded altar of an unknown god.
   736 | D:2      | Became a worshipper of Trog the Wrathful
   736 | D:2      | Reached * piety under Trog
   755 | D:2      | Reached skill level 5 in Long Blades
   941 | D:2      | Reached XP level 3. HP: 26/30 MP: 2/2
  1831 | D:2      | Reached skill level 6 in Long Blades
  1831 | D:2      | Reached XP level 4. HP: 30/37 MP: 3/3
  2143 | D:3      | Found a stormy altar of Qazlal.
  2187 | D:3      | Found a burning altar of Makhleb.
  2209 | D:3      | Reached ** piety under Trog
  2516 | D:3      | Found a glowing drain.
  2527 | Sewer    | Entered a sewer
  2534 | Sewer    | Reached skill level 1 in Armour
  2634 | Sewer    | Noticed a kobold brigand
  2647 | Sewer    | Killed a kobold brigand
  2648 | Sewer    | Reached XP level 5. HP: 41/45 MP: 4/4
  2687 | Sewer    | Found a glowing silver altar of Zin.
  3293 | D:3      | Found a hazy altar of Hepliaklqana.
  3531 | D:4      | Noticed an ogre
  3536 | D:4      | Killed an ogre
  3537 | D:4      | Reached XP level 6. HP: 52/52 MP: 5/5
  3754 | D:4      | Found an ornate altar of the Wu Jian Council.
  3800 | D:4      | Reached *** piety under Trog
  3949 | D:4      | Reached skill level 7 in Long Blades
  4275 | D:4      | Reached XP level 7. HP: 53/60 MP: 6/6
  4333 | D:5      | Entered Level 5 of the Dungeon
  4418 | D:5      | Found Lemmes's Jewellery Boutique.
  4519 | D:5      | Found Iqarorph's Book Shop.
  4525 | D:5      | Reached skill level 5 in Dodging
  4540 | D:5      | Reached skill level 5 in Fighting
  4546 | D:5      | Noticed Blork the orc
  4556 | D:5      | Killed Blork the orc
  4870 | D:5      | Noticed Pikel
  4885 | D:5      | Killed Pikel
  4886 | D:5      | Reached skill level 8 in Long Blades
  4886 | D:5      | Reached skill level 5 in Armour
  4886 | D:5      | Reached XP level 8. HP: 51/70 MP: 7/7
  5241 | D:5      | Found a white marble altar of Elyvilon.
  5311 | D:5      | Found a staircase to the Ecumenical Temple.
  5317 | Temple   | Entered the Ecumenical Temple
  5959 | D:6      | Reached **** piety under Trog
  5964 | D:6      | Reached skill level 9 in Long Blades
  5964 | D:6      | Reached XP level 9. HP: 47/78 MP: 8/8
  5967 | D:6      | Reached skill level 1 in Bows
  6414 | D:6      | Reached skill level 1 in Stealth
  6749 | D:6      | Found a sparkling altar of Nemelex Xobeh.
  7198 | D:6      | Found a shimmering blue altar of Sif Muna.
  7264 | D:7      | Found Ovida's Distillery.
  7274 | D:7      | Bought a potion of mutation for 96 gold pieces
  7314 | D:7      | Found a sacrificial altar of Ru.
  7569 | D:7      | Noticed a boulder beetle
  7601 | D:7      | Killed a boulder beetle
  7885 | D:7      | Reached XP level 10. HP: 88/88 MP: 9/9
  8255 | D:7      | Noticed a boulder beetle
  8263 | D:7      | Reached skill level 10 in Long Blades
  8290 | D:7      | HP: 4/90 [scorpion (2)]
  8291 | D:7      | HP: 1/90 [scorpion (2)]
  8295 | D:7      | Slain by an unseen horror

Illustrated notes

Levels and vault maps discovered:
D:1:      psy_arrival_radial02, layout_rooms
D:2:      layout_basic, basic_ecumenical_altar
D:3:      layout_basic, nicolae_overflow_hidden_temple,
          mainiacjoe_overflow_small_starburst, mainiacjoe_overflow_alcove_1,
          portal_sewer_entry_a, serial_bayou_lake_a
D:4:      wander_river, layout_rooms, mainiacjoe_overflow_alcove_4
D:5:      layout_basic, mainiacjoe_overflow_24_doors, temple_doors_ab,
          serial_shops, shop, nicolae_stop_n_shop_2, uniq_pikel,
          uniq_blork_the_orc
D:6:      layout_loops_ring, nemelex_diamond_rough_becter,
          nicolae_sif_muna_little_library
D:7:      minmay_the_grid_octo_tiled_squarecenter
          [minmay_the_grid_octo_odd_swirl, minmay_the_grid_octo_checkerflower,
          minmay_the_grid_octo_thin_diamonds, minmay_the_grid_octo_77,
          minmay_the_grid_square_5x5_megaprize_checkered,
          minmay_the_grid_square_5x5_slash,
          minmay_the_grid_square_5x5_spiral_small,
          minmay_the_grid_square_5x5_spiral,
          minmay_the_grid_square_5x5_six_small], layout_basic,
          mainiacjoe_overflow_surrounded_room, serial_shops, shop_fountains
Temple:   dpeg_three_leaves_temple

Skill      XL: |  1  2  3  4  5  6  7  8  9 10 |
---------------+-------------------------------+-----
Long Blades    | 4 5 6 7 8 9 10 | 10.0
Armour         | 1 2 3 5 6 7 8 |  8.0
Fighting       | 3 4 6 8 |  8.5
Dodging        | 4 6 7 8 |  8.1
Bows           | 3 4 |  4.3
Stealth        | 2 3 |  3.2
Throwing       | |  2.0

Action                   |  1- 3 |  4- 6 |  7- 9 | 10-12 || total
-------------------------+-------+-------+-------+-------++-------
Melee: Long sword        |    69 |   124 |   202 |    55 ||   450
       Headbutt          |    15 |    30 |    52 |    16 ||   113
Invok: Berserk           |       |       |     5 |     2 ||     7
  Use: Potion            |     1 |       |       |     1 ||     2
       Scroll            |     2 |     6 |     8 |     1 ||    17
Armor: Leather armour    |    25 |    28 |       |       ||    53
       Chain mail        |       |    20 |   125 |    29 ||   174
Dodge: Dodged            |    72 |    84 |   101 |    28 ||   285
Block: Other             |       |       |    19 |    13 ||    32
       Rpst.: Long sword |    22 |    17 |    27 |    10 ||    76
